PCL
HOUSTON HAMMERTIME @ WALLA WALLA ALL-STARS
04/17/2023
 
TOP OF THE 1ST
Houston Hammertime batting - Pitching for Walla Walla All-Stars : RHP Carlos Hendrix
Pitching: RHP Carlos Hendrix
Batting: LHB Tony Tavárez 0-0: Bunted foul
0-1: Ground out U3 (Groundball, 3)
Batting: LHB José Villegas 0-0: Ball
1-0: TRIPLE (Line Drive, 9LM)
Batting: RHB Buck Jones 0-0: Ball
1-0: Swinging Strike
1-1: Ball
2-1: Swinging Strike
2-2: Ball
3-2: Base on Balls
Batting: SHB Cristo Ontiveros 0-0: Ball
Buck Jones steals 2nd base
1-0: Ball
2-0: Ball
3-0: Base on Balls
Batting: LHB Felipe Cruz 0-0: Ball
1-0: Ball
2-0: Called Strike
2-1: Ball
3-1: Swinging Strike
3-2: Base on Balls
José Villegas scores
Buck Jones to third
Cristo Ontiveros to second
Batting: RHB John Pick 0-0: SINGLE (Line Drive, 8LS)
Buck Jones scores
Cristo Ontiveros to third
Felipe Cruz to second
Batting: RHB Emílio Carrillo 0-0: Reached on error, E6 (Groundball, 6)
Cristo Ontiveros scores
Felipe Cruz to third
John Pick to second
Batting: LHB Fernando Camacho 0-0: Ball
1-0: Ball
2-0: Called Strike
2-1: Ball
3-1: Foul Ball, location: 2F
3-2: Foul Ball, location: 2F
3-2: Base on Balls
Felipe Cruz scores
John Pick to third
Emílio Carrillo to second
Batting: RHB Mario Beltrán 0-0: Fly out, F9 (Flyball, 89D)
Runner from 3rd tags up, SCORES, no throw
Batting: LHB Tony Tavárez 0-0: Ball
1-0: SINGLE (Groundball, 5D)
Emílio Carrillo to third
Fernando Camacho to second
Runner from 3rd tries for Home, SAFE, no throw or cutoff
Batting: LHB José Villegas 0-0: Swinging Strike
0-1: Fly out, F8 (Flyball, 8RXD)
Top of the 1st over - 6 run(s), 3 hit(s), 1 error(s), 2 left on base; Houston 6 - Walla Walla 0
BOTTOM OF THE 1ST
Walla Walla All-Stars batting - Pitching for Houston Hammertime : RHP Norberto Méndez
Pitching: RHP Norberto Méndez
Batting: RHB Leslie Penn 0-0: Ball
1-0: SINGLE (Line Drive, 78S)
Batting: LHB Mike Young 0-0: Ball
1-0: DOUBLE (Groundball, 3D)
Leslie Penn to third
Batting: RHB Lorenzo Morín 0-0: Foul Ball, location: 2F
0-1: Foul Ball, location: 2F
0-2: Fly out, F8 (Flyball, 8RD)
Runner from 3rd tags up, SCORES, no throw
Batting: RHB Claudio Guerra 0-0: Ball
1-0: Called Strike
1-1: Foul Ball, location: 2F
1-2: Ball
2-2: Ball
3-2: Base on Balls
Batting: LHB Keith Beard 0-0: Foul Ball, location: 2F
0-1: Ball
1-1: Swinging Strike
1-2: Ball
2-2: Ball
3-2: Fly out, F9 (Flyball, 9M)
Batting: RHB Pablo Lucero 0-0: Ball
1-0: Foul Ball, location: 2F
1-1: Swinging Strike
1-2: Strikes out swinging
Bottom of the 1st over - 1 run(s), 2 hit(s), 0 error(s), 2 left on base; Houston 6 - Walla Walla 1
TOP OF THE 2ND
Houston Hammertime batting - Pitching for Walla Walla All-Stars : RHP Carlos Hendrix
Batting: RHB Buck Jones 0-0: Ball
1-0: Swinging Strike
1-1: Ball
2-1: Foul Ball, location: 2F
2-2: Foul Ball, location: 2F
2-2: Ball
3-2: Base on Balls
Batting: SHB Cristo Ontiveros 0-0: Swinging Strike
0-1: Ball
1-1: Foul Ball, location: 2F
1-2: Foul Ball, location: 2F
Pickoff Throw to First - Error! E1
Buck Jones to second
1-2: Ball
2-2: Ball
3-2: Foul Ball, location: 2F
3-2: Foul Ball, location: 2F
3-2: Foul Ball, location: 2F
3-2: DOUBLE (Line Drive, 5L)
Buck Jones scores
Batting: LHB Felipe Cruz 0-0: Ball
1-0: Foul Ball, location: 2F
1-1: Swinging Strike
1-2: Strikes out swinging
Batting: RHB John Pick 0-0: Ground out 5-3 (Groundball, 5)
Batting: RHB Emílio Carrillo 0-0: Foul Ball, location: 2F
0-1: Ball
1-1: Foul Ball, location: 2F
1-2: Ball
2-2: Ball
3-2: Base on Balls
Batting: LHB Fernando Camacho 0-0: Called Strike
0-1: Swinging Strike
0-2: Ball
1-2: Ball
2-2: Ball
3-2: Base on Balls
Cristo Ontiveros to third
Emílio Carrillo to second
Batting: RHB Mario Beltrán 0-0: Called Strike
0-1: Fly out, F9 (Flyball, 89D)
Top of the 2nd over - 1 run(s), 1 hit(s), 1 error(s), 3 left on base; Houston 7 - Walla Walla 1
BOTTOM OF THE 2ND
Walla Walla All-Stars batting - Pitching for Houston Hammertime : RHP Norberto Méndez
Batting: RHB Jim Dunbar 0-0: Ball
1-0: Called Strike
1-1: Ball
2-1: Fly out, F8 (Line Drive, 8RM)
Batting: RHB Carlos García 0-0: Called Strike
0-1: Ball
1-1: Ball
2-1: Swinging Strike
2-2: Foul Ball, location: 2F
2-2: Strikes out swinging
Batting: RHB Pablo Castillo 0-0: Swinging Strike
0-1: Ball
1-1: Ball
2-1: Foul Ball, location: 2F
2-2: Foul Ball, location: 2F
2-2: Ball
3-2: Ground out 1-3 (Groundball, 15)
Bottom of the 2nd over - 0 run(s), 0 hit(s), 0 error(s), 0 left on base; Houston 7 - Walla Walla 1
TOP OF THE 3RD
Houston Hammertime batting - Pitching for Walla Walla All-Stars : RHP Carlos Hendrix
Batting: LHB Tony Tavárez 0-0: Called Strike
0-1: Ball
1-1: Foul Ball, location: 2F
1-2: Foul Ball, location: 2F
1-2: Ball
2-2: Ground out 4-3 (Groundball, 4)
Batting: LHB José Villegas 0-0: Ball
1-0: Foul Ball, location: 2F
1-1: Called Strike
1-2: Ball
2-2: Foul Ball, location: 2F
2-2: Foul Ball, location: 2F
2-2: Foul Ball, location: 2F
2-2: SINGLE (Flyball, 7S)
Batting: RHB Buck Jones 0-0: Called Strike
0-1: Foul Ball, location: 2F
0-2: Ball
1-2: Ball
Throwing error on steal attempt, E2
José Villegas to third
2-2: DOUBLE (Line Drive, 9LM)
José Villegas scores
Batting: SHB Cristo Ontiveros 0-0: Called Strike
0-1: Foul Ball, location: 2F
0-2: Ball
1-2: Ground out 1-3 (Groundball, 13)
Buck Jones to third
Batting: LHB Felipe Cruz 0-0: Fly out, F4 (Popup, 4M)
Top of the 3rd over - 1 run(s), 2 hit(s), 1 error(s), 1 left on base; Houston 8 - Walla Walla 1
BOTTOM OF THE 3RD
Walla Walla All-Stars batting - Pitching for Houston Hammertime : RHP Norberto Méndez
Batting: RHB Leslie Penn 0-0: Ball
1-0: Foul Ball, location: 2F
1-1: Ball
2-1: SOLO HOME RUN (Flyball, 7D), Distance : 374 ft
Batting: LHB Mike Young 0-0: Ball
1-0: Called Strike
1-1: Ball
2-1: Ball
3-1: Fly out, F7 (Flyball, 78D)
Batting: RHB Lorenzo Morín 0-0: Foul Ball, location: 2F
0-1: Fly out, F8 (Flyball, 78D)
Batting: RHB Claudio Guerra 0-0: Called Strike
0-1: Ground out 5-3 (Groundball, 5)
Bottom of the 3rd over - 1 run(s), 1 hit(s), 0 error(s), 0 left on base; Houston 8 - Walla Walla 2
TOP OF THE 4TH
Houston Hammertime batting - Pitching for Walla Walla All-Stars : RHP Carlos Hendrix
Pitching: RHP Arturo Martínez
Batting: RHB John Pick 0-0: Ball
1-0: DOUBLE (Flyball, 8RXD)
Batting: RHB Emílio Carrillo 0-0: Ball
1-0: Ball
2-0: Ball
3-0: Base on Balls
Batting: LHB Fernando Camacho 0-0: Ball
Wild Pitch!
John Pick to third
Emílio Carrillo to second
1-0: Ball
2-0: Ball
3-0: Called Strike
3-1: Base on Balls
Batting: RHB Mario Beltrán 0-0: Fly out, F9 (Flyball, 89M)
Runner from 3rd tags up, SCORES, no throw
Batting: LHB Tony Tavárez 0-0: Called Strike
0-1: Called Strike
0-2: Strikes out swinging
Batting: LHB José Villegas 0-0: Called Strike
0-1: Ball
1-1: Ball
2-1: Called Strike
2-2: Foul Ball, location: 2F
2-2: Strikes out looking
Top of the 4th over - 1 run(s), 1 hit(s), 0 error(s), 2 left on base; Houston 9 - Walla Walla 2
BOTTOM OF THE 4TH
Walla Walla All-Stars batting - Pitching for Houston Hammertime : RHP Norberto Méndez
Batting: LHB Keith Beard 0-0: Ground out 4-3 (Groundball, 34)
Batting: RHB Pablo Lucero 0-0: Called Strike
0-1: Called Strike
0-2: Ball
1-2: Strikes out swinging
Batting: RHB Jim Dunbar 0-0: Ball
1-0: Foul Ball, location: 2F
1-1: Foul Ball, location: 2F
1-2: Foul Ball, location: 2F
1-2: Ball
2-2: Ball
3-2: Foul Ball, location: 2F
3-2: Fly out, F8 (Flyball, 8RD)
Bottom of the 4th over - 0 run(s), 0 hit(s), 0 error(s), 0 left on base; Houston 9 - Walla Walla 2
TOP OF THE 5TH
Houston Hammertime batting - Pitching for Walla Walla All-Stars : RHP Arturo Martínez
Batting: RHB Buck Jones 0-0: Called Strike
0-1: Ball
1-1: Ball
2-1: Ground out 6-3 (Groundball, 6)
Batting: SHB Cristo Ontiveros 0-0: Called Strike
0-1: Foul Ball, location: 2F
0-2: Ball
1-2: Foul Ball, location: 2F
1-2: Ground out 4-3 (Groundball, 4)
Batting: LHB Felipe Cruz 0-0: Foul Ball, location: 2F
0-1: Foul Ball, location: 2F
0-2: SINGLE (Groundball, 4MD) (infield hit)
Batting: RHB John Pick 0-0: Called Strike
Felipe Cruz steals 2nd base
0-1: Reached on error, E5 (Groundball, 56)
Felipe Cruz scores
Batting: RHB Emílio Carrillo 0-0: SINGLE (Groundball, 4MD)
John Pick to third
Runner from 3rd tries for Home, SAFE, no throw or cutoff
Batting: LHB Fernando Camacho 0-0: Foul Ball, location: 2F
0-1: Ball
Emílio Carrillo steals 2nd base
1-1: Ball
2-1: 2-RUN HOME RUN (Line Drive, 9D), Distance : 387 ft
Pitching: LHP Edgardo Guzmán
Batting: RHB Mario Beltrán 0-0: Ball
1-0: Fly out, F9 (Flyball, 89M)
Top of the 5th over - 4 run(s), 3 hit(s), 1 error(s), 0 left on base; Houston 13 - Walla Walla 2
BOTTOM OF THE 5TH
Walla Walla All-Stars batting - Pitching for Houston Hammertime : RHP Norberto Méndez
Batting: RHB Carlos García 0-0: Called Strike
0-1: Ball
1-1: Ball
2-1: Swinging Strike
2-2: Foul Ball, location: 2F
2-2: DOUBLE (Line Drive, 89XD)
Batting: RHB Pablo Castillo 0-0: Called Strike
0-1: Ball
Passed Ball!
Carlos García to third
1-1: Ball
2-1: Fly out, F6 (Popup, 6MD)
Batting: RHB Leslie Penn 0-0: Foul Ball, location: 2F
0-1: Ball
1-1: Ball
2-1: Fly out, F5 (Popup, 5SF)
Batting: LHB Mike Young 0-0: Ball
1-0: Fly out, F8 (Flyball, 78XD)
Bottom of the 5th over - 0 run(s), 1 hit(s), 0 error(s), 1 left on base; Houston 13 - Walla Walla 2
TOP OF THE 6TH
Houston Hammertime batting - Pitching for Walla Walla All-Stars : LHP Edgardo Guzmán
Batting: LHB Tony Tavárez 0-0: Ball
1-0: Foul Ball, location: 2F
1-1: SINGLE (Groundball, 56) (infield hit)
Batting: LHB José Villegas 0-0: Swinging Strike
0-1: Ball
1-1: Ball
2-1: Foul Ball, location: 2F
2-2: Strikes out swinging
Batting: RHB Buck Jones 0-0: Called Strike
0-1: Ball
1-1: SINGLE (Groundball, 4M)
Tony Tavárez to second
Runner from 2nd tries for 3rd, SAFE, throw made to third
Batting: SHB Cristo Ontiveros 0-0: Called Strike
0-1: Ball
1-1: Ball
2-1: Ball
3-1: Swinging Strike
3-2: Base on Balls
Buck Jones to second
Pinch Hitting: RHB Robert Powell 0-0: Ball
1-0: Called Strike
1-1: Called Strike
1-2: Strikes out looking
Batting: RHB John Pick 0-0: Swinging Strike
0-1: Foul Ball, location: 2F
0-2: Ball
1-2: Strikes out swinging
Top of the 6th over - 0 run(s), 2 hit(s), 0 error(s), 3 left on base; Houston 13 - Walla Walla 2
BOTTOM OF THE 6TH
Walla Walla All-Stars batting - Pitching for Houston Hammertime : RHP Norberto Méndez
Now at SS: Moo-hyun Pak
Batting: RHB Lorenzo Morín 0-0: Ball
1-0: Called Strike
1-1: Foul Ball, location: 2F
1-2: Strikes out looking
Batting: RHB Claudio Guerra 0-0: SOLO HOME RUN (Flyball, 7LD), Distance : 353 ft
Batting: LHB Keith Beard 0-0: Ball
1-0: Foul Ball, location: 2F
1-1: Foul Ball, location: 2F
1-2: SINGLE (Line Drive, 34D)
Batting: RHB Pablo Lucero 0-0: Swinging Strike
0-1: Foul Ball, location: 2F
0-2: Ball
1-2: Foul Ball, location: 2F
1-2: Strikes out looking
Batting: RHB Jim Dunbar 0-0: Called Strike
Keith Beard steals 2nd base
0-1: Called Strike
0-2: Fly out, F8 (Flyball, 8RD)
Bottom of the 6th over - 1 run(s), 2 hit(s), 0 error(s), 1 left on base; Houston 13 - Walla Walla 3
TOP OF THE 7TH
Houston Hammertime batting - Pitching for Walla Walla All-Stars : LHP Edgardo Guzmán
Batting: RHB Emílio Carrillo Error on foul ball, E3
0-1: Foul Ball, location: 2F
0-2: Strikes out swinging
Pinch Hitting: LHB Jerry Ritchie 0-0: Ball
1-0: Called Strike
1-1: Ball
2-1: Called Strike
2-2: Foul Ball, location: 2F
2-2: Ball
3-2: Base on Balls
Batting: RHB Mario Beltrán 0-0: Foul Ball, location: 2F
0-1: Swinging Strike
0-2: Ball
1-2: Ball
2-2: Ball
3-2: Base on Balls
Jerry Ritchie to second
Batting: LHB Tony Tavárez 0-0: Ball
1-0: Fielders Choice at 2nd, 6-4 (Groundball, 6M)
Jerry Ritchie to third
Batting: LHB José Villegas 0-0: Ball
1-0: Ball
2-0: Foul Ball, location: 2F
2-1: Called Strike
2-2: Foul Ball, location: 2F
2-2: Ground out 1-3 (Groundball, 15S)
Top of the 7th over - 0 run(s), 0 hit(s), 1 error(s), 2 left on base; Houston 13 - Walla Walla 3
BOTTOM OF THE 7TH
Walla Walla All-Stars batting - Pitching for Houston Hammertime : RHP Norberto Méndez
Pitching: RHP António Mata
Now in RF: Jerry Ritchie
Batting: RHB Carlos García 0-0: Called Strike
0-1: Ball
1-1: Called Strike
1-2: Ball
2-2: Ball
3-2: Foul Ball, location: 2F
3-2: Base on Balls
Batting: RHB Pablo Castillo 0-0: Ball
1-0: Foul Ball, location: 2F
1-1: Ball
2-1: Foul Ball, location: 2F
2-2: Ball
3-2: Foul Ball, location: 2F
3-2: SINGLE (Line Drive, 78S)
Carlos García to second
Carlos García to third
Batting: RHB Leslie Penn 0-0: Called Strike
0-1: Fly out, F7 (Flyball, 7M)
Runner from 3rd tags up, SCORES, throw made
Batting: LHB Mike Young 0-0: 2-RUN HOME RUN (Flyball, 7D), Distance : 393 ft
Pitching: RHP Júlio Martínez
Batting: RHB Lorenzo Morín 0-0: Called Strike
0-1: Ball
1-1: Called Strike
1-2: Ground out 4-3 (Groundball, 4)
Batting: RHB Claudio Guerra 0-0: Called Strike
0-1: Ball
1-1: Foul Ball, location: 2F
1-2: Ball
2-2: SINGLE (Flyball, 9LS)
Batting: LHB Keith Beard 0-0: Foul Ball, location: 2F
0-1: Called Strike
0-2: Ball
1-2: Ground out 4-3 (Groundball, 4)
Bottom of the 7th over - 3 run(s), 3 hit(s), 0 error(s), 1 left on base; Houston 13 - Walla Walla 6
TOP OF THE 8TH
Houston Hammertime batting - Pitching for Walla Walla All-Stars : LHP Edgardo Guzmán
Pitching: LHP Enrique Muñóz
Batting: RHB Buck Jones 0-0: Ball
1-0: Ball
2-0: Ball
3-0: Called Strike
3-1: Fly out, F7 (Popup, 7S)
Batting: SHB Cristo Ontiveros 0-0: Foul Ball, location: 2F
0-1: Ball
1-1: Swinging Strike
1-2: Strikes out looking
Batting: RHB Moo-hyun Pak 0-0: Called Strike
0-1: Foul Ball, location: 2F
0-2: Ball
1-2: Ball
2-2: Ball
3-2: Strikes out swinging
Top of the 8th over - 0 run(s), 0 hit(s), 0 error(s), 0 left on base; Houston 13 - Walla Walla 6
BOTTOM OF THE 8TH
Walla Walla All-Stars batting - Pitching for Houston Hammertime : RHP Júlio Martínez
Batting: RHB Pablo Lucero 0-0: Swinging Strike
0-1: Ball
1-1: Ball
2-1: Called Strike
2-2: Strikes out swinging
Pinch Hitting: RHB Luke McIndoe 0-0: Ball
1-0: Ball
2-0: Called Strike
2-1: SINGLE (Groundball, 6MD)
Batting: RHB Carlos García 0-0: Ball
1-0: Called Strike
1-1: Ball
2-1: Swinging Strike
2-2: Strikes out swinging
Batting: RHB Pablo Castillo 0-0: Called Strike
0-1: Ball
1-1: Called Strike
1-2: Fly out, F8 (Flyball, 8LM)
Bottom of the 8th over - 0 run(s), 1 hit(s), 0 error(s), 1 left on base; Houston 13 - Walla Walla 6
TOP OF THE 9TH
Houston Hammertime batting - Pitching for Walla Walla All-Stars : LHP Enrique Muñóz
Now at 2B: Jeff Thompson
Batting: RHB John Pick 0-0: Called Strike
0-1: Ball
1-1: Swinging Strike
1-2: Foul Ball, location: 2F
1-2: Strikes out looking
Batting: RHB Emílio Carrillo 0-0: Ball
1-0: Fly out, F8 (Flyball, 8RXD)
Batting: LHB Jerry Ritchie 0-0: Ball
1-0: Foul Ball, location: 2F
1-1: Foul Ball, location: 2F
1-2: Strikes out swinging
Top of the 9th over - 0 run(s), 0 hit(s), 0 error(s), 0 left on base; Houston 13 - Walla Walla 6
BOTTOM OF THE 9TH
Walla Walla All-Stars batting - Pitching for Houston Hammertime : RHP Júlio Martínez
Batting: RHB Leslie Penn 0-0: Ball
1-0: Swinging Strike
1-1: Foul Ball, location: 2F
1-2: DOUBLE (Line Drive, 5)
Batting: LHB Mike Young 0-0: Called Strike
0-1: Ball
1-1: Ball
2-1: Called Strike
2-2: Ball
3-2: Strikes out swinging
Batting: RHB Lorenzo Morín 0-0: Ball
1-0: Swinging Strike
1-1: Foul Ball, location: 2F
1-2: Fly out, F8 (Flyball, 8LD)
Runner from 2nd tags up, SAFE at 3rd, no throw
Batting: RHB Claudio Guerra 0-0: Swinging Strike
0-1: Ball
1-1: Foul Ball, location: 2F
1-2: Ball
2-2: Foul Ball, location: 2F
2-2: Ball
3-2: DOUBLE (Groundball, 5L)
Leslie Penn scores
Pitching: RHP Will Huggins
Batting: LHB Keith Beard 0-0: Called Strike
0-1: Ball
1-1: Foul Ball, location: 2F
1-2: Foul Ball, location: 2F
1-2: Ball
2-2: Ball
3-2: Base on Balls
Batting: RHB Pablo Lucero 0-0: Hit by Pitch
Claudio Guerra to third
Keith Beard to second
Batting: RHB Jeff Thompson 0-0: Called Strike
0-1: Ball
1-1: Fly out, F9 (Popup, 4D)
Bottom of the 9th over - 1 run(s), 2 hit(s), 0 error(s), 3 left on base; Houston 13 - Walla Walla 7
This league is powered by Out of the Park Baseball, the baseball management simulation game for PC, Mac and Linux
Wednesday, December 2nd, 2015 - OOTP Baseball 16.8 Build 38